 Seeded DCSS version 0.29.1-15-g9cfb28693d (webtiles) character file.

Game seed: 14132077322704555735 (custom seed)

259993 Gelion the Scorcher (level 19, -21/115 HPs)
             Began as a Deep Elf Fire Elementalist on Mar 31, 2023.
             Was the Champion of Vehumet.
             Demolished by Asterion
             ... wielding a +4 broad axe of electrocution
              (26 damage)
             ... on level 1 of the Elven Halls.
             The game lasted 02:16:30 (30080 turns).

Gelion the Scorcher (Deep Elf Fire Elementalist)   Turns: 30080, Time: 02:16:31

Health: -21/115    AC: 14    Str:  9    XL:     19   Next: 16%
Magic:  19/42      EV: 19    Int: 35    God:    Vehumet [******]
Gold:   343        SH: 11    Dex: 18    Spells: 2/52 levels left

rFire   + . .      SeeInvis .   N - staff of conjuration
rCold   . . .      Faith    .   Y - +0 kite shield {rPois}
rNeg    . . .      Spirit   .   i - +1 robe of Rotation {rF+ Will+ Dex+3}
rPois   +          Reflect  .   t - +2 helmet
rElec   .          Harm     .   K - +2 cloak
rCorr   .          Rampage  .   w - +1 pair of gloves "Zeust" {Str+4}
Will    ++...      Archmagi +   H - +2 pair of boots
Stlth   ++........              d - amulet of Vitality {RegenMP++ Regen++}
HPRegen 1.89/turn               a - ring of the Mage {Wiz Archmagi}
MPRegen 1.08/turn               E - +6 ring of intelligence

@: about to teleport
A: no striking features
}: 2/15 runes: serpentine, barnacled
a: Renounce Religion


You were on level 1 of the Elven Halls.
You worshipped Vehumet.
Vehumet was exalted by your worship.
You visited 8 branches of the dungeon, and saw 34 of its levels.
You also visited: Sewer and Ossuary.

You collected 4444 gold pieces.
You spent 4101 gold pieces at shops.

Inventory:

Missiles
 L - 14 silver javelins
 Z - 4 throwing nets
Armour
 i - the +1 robe of Rotation (worn) {rF+ Will+ Dex+3}
   (You found it on level 4 of the Shoals)

   Dex:       It affects your dexterity (+3).
   rF:        It protects you from fire.
   Will:      It increases your willpower.
 t - a +2 helmet (worn)
 w - the +1 pair of gloves "Zeust" (worn) {Str+4}
   (You found it on level 5 of the Dungeon)

   Str:       It affects your strength (+4).
 C - a +2 pair of gloves
 H - a +2 pair of boots (worn)
 K - a +2 cloak (worn)
 Y - a +0 kite shield of poison resistance (worn)
Magical Staves
 N - a staff of conjuration (weapon)
Jewellery
 a - the ring of the Mage (left hand) {Wiz Archmagi}
   (You bought it in a shop on level 2 of the Snake Pit)

   [ring of wizardry]

   It improves your spell success rate.
   Archmagi:  It increases the power of your magical spells.
 d - the amulet of Vitality (around neck) {RegenMP++ Regen++}
   (You found it in a sewer)

   [amulet of magic regeneration]

   It increases your rate of magic regeneration.
   Regen:     It increases your rate of health regeneration.
 g - a ring of resist corrosion
 E - a +6 ring of intelligence (right hand)
 R - a ring of see invisible
Wands
 v - a wand of flame (64)
 D - a wand of mindburst (17)
 G - a wand of charming (34)
 M - a wand of polymorph (5)
 P - a wand of light (14)
 V - a wand of iceblast (6)
Scrolls
 c - a scroll of enchant armour
 e - 4 scrolls of magic mapping
 j - 8 scrolls of teleportation
 p - 12 scrolls of poison
 q - 9 scrolls of vulnerability
 x - 3 scrolls of summoning
 y - 3 scrolls of brand weapon
 A - a scroll of silence
 I - 2 scrolls of enchant weapon
 O - 4 scrolls of fog
 W - 2 scrolls of amnesia
Potions
 b - 3 potions of magic
 f - 6 potions of resistance
 h - 19 potions of curing
 k - 4 potions of might
 l - 5 potions of ambrosia
 m - 7 potions of lignification
 n - 4 potions of mutation
 r - 7 potions of brilliance
 s - 9 potions of flight
 u - 4 potions of berserk rage
 z - 4 potions of heal wounds
 B - 5 potions of attraction
 F - 3 potions of cancellation
 Q - 4 potions of haste
 S - 3 potions of invisibility


   Skills:
 + Level 11.2 Fighting
 - Level 14.0 Dodging
 - Level 2.4 Stealth
 + Level 6.4 Shields
 + Level 17.1 Spellcasting
 * Level 19.8 Conjurations
 + Level 9.9 Summonings
 * Level 19.9 Fire Magic
 + Level 5.3 Earth Magic


You had 2 spell levels left.
You knew the following spells:

 Your Spells              Type           Power      Damage    Failure   Level
a - Foxfire               Conj/Fire      100%       2x1d9     0%          1
b - Scorch                Fire           100%       2d10      0%          2
c - Flame Wave            Conj/Fire      100%       2d21      0%          4
d - Hailstorm             Conj/Ice       100%       3d20      1%          4
e - Fireball              Conj/Fire      77%        3d29      1%          5
f - Starburst             Conj/Fire      77%        6d20      1%          6
g - Iskenderun's Battles  Conj           100%       2d15      1%          5
h - Spellforged Servitor  Conj/Summ      70%        N/A       1%          7
i - Orb of Destruction    Conj           77%        9d17      1%          7
j - Fire Storm            Conj/Fire      77%        8d20      10%         9

Your spell library contained the following spells:

 Spells                   Type           Power      Damage    Failure   Level
 Polar Vortex             Ice            22%        N/A       100%        9
 Magic Dart               Conj           100%       1d8       0%          1
 Searing Ray              Conj           100%       2d8       0%          2
 Beastly Appendage        Tmut           90%        N/A       1%          1
 Freeze                   Ice            100%       1d11      1%          1
 Necrotise                Necr           100%       1d9       1%          1
 Sting                    Tmut/Pois      100%       1d8       1%          1
 Ensorcelled Hibernation  Hex/Ice        90%        N/A       1%          2
 Passwall                 Tmut/Erth      54%        N/A       1%          2
 Poisonous Vapours        Pois/Air       90%        N/A       1%          2
 Sublimation of Blood     Necr           45%        N/A       1%          2
 Wereblood                Tmut           45%        N/A       1%          2
 Conjure Flame            Conj/Fire      100%       6-21      0%          3
 Sticky Flame             Conj/Fire      100%       2d11      0%          4
 Call Canine Familiar     Summ           99%        N/A       1%          3
 Dazzling Flash           Conj/Hex       100%       N/A       1%          3
 Frozen Ramparts          Ice            90%        1d14      1%          3
 Ignite Poison            Fire/Tmut/Pois 86%        N/A       1%          3
 Inner Flame              Hex/Fire       99%        N/A       1%          3
 Animate Armour           Summ/Erth      100%       N/A       1%          4
 Fulminant Prism          Conj/Hex       61%        3d27      1%          4
 Summon Lightning Spire   Summ/Air       78%        N/A       1%          4
 Freezing Cloud           Conj/Ice/Air   53%        6-21      1%          5
 Irradiate                Conj/Tmut      61%        3d32      1%          5
 Conjure Ball Lightning   Conj/Air       61%        3x3d22    1%          6
 Iron Shot                Conj/Erth      66%        9d12      1%          6
 Ignition                 Fire           65%        3d17      1%          8
 Olgreb's Toxic Radiance  Pois           45%        N/A       3%          4
 Summon Cactus Giant      Summ           49%        N/A       3%          6
 Ozocubu's Armour         Ice            45%        N/A       4%          3
 Portal Projectile        Hex/Tloc       90%        N/A       4%          3
 Swiftness                Air            45%        N/A       4%          3
 Tukima's Dance           Hex            45%        N/A       4%          3
 Vampiric Draining        Necr           45%        2d9       4%          3
 Petrify                  Tmut/Erth      65%        N/A       4%          4
 Anguish                  Hex/Necr       22%        N/A       12%         4
 Passage of Golubria      Tloc           45%        N/A       12%         4
 Lehudib's Crystal Spear  Conj/Erth      66%        10d15     13%         8
 Summon Hydra             Summ           49%        N/A       17%         7
 Agony                    Necr           45%        N/A       32%         5
 Blade Hands              Tmut           22%        N/A       32%         5
 Metabolic Englaciation   Hex/Ice        22%        N/A       32%         5
 Silence                  Hex/Air        22%        N/A       32%         5
 Statue Form              Tmut/Erth      43%        N/A       52%         6
 Malign Gateway           Summ/Tloc      39%        N/A       77%         7
 Simulacrum               Ice/Necr       22%        N/A       86%         6
 Ozocubu's Refrigeration  Ice            22%        4d12      88%         7
 Chain Lightning          Conj/Air       61%        3d81      98%         9
 Enfeeble                 Hex            22%        N/A       100%        7
 Storm Form               Tmut/Air       22%        N/A       100%        7
 Maxwell's Capacitive Co  Air            22%        ∞         100%        8
 Shatter                  Erth           39%        3d31*     100%        9


Dungeon Overview and Level Annotations

Branches:
Dungeon (15/15) Temple (1/1) D:5 Lair (5/5) D:11 Shoals (4/4) Lair:3 Snake (4/4) Lair:2 Slime (0/5) Lair:5 Orc (2/2) D:10 Elf (2/3) Orc:2 Vaults (0/5) D:13 D:14 Depths (1/4) D:15 Sewer (visited) Ossuary (visited)

Altars:
Ashenzari
Cheibriados
Dithmenos
Elyvilon
Fedhas
Gozag
Hepliaklqana
Kikubaaqudgha
Makhleb
Nemelex Xobeh
Okawaru
Qazlal
Ru
Sif Muna
Trog
Uskayaw
Vehumet
Wu Jian
Xom
Yredelemnul
Zin
The Shining One
Jiyva

Shops:
D:3 (   D:7 *   Orc:2 ?*=(*   Elf:1 *   Elf:2 [   Shoals:1 (   Shoals:2 (
Snake:2 :=(   Snake:3 =:=

Annotations:
D:12 3 runed translucent doors, Wiggles's ghost, journeyman MiBe
Lair:2 3 runed translucent doors, Qaatiyw's ghost, journeyman DjSu
Elf:1 Asterion


Message History

Asterion hits you with a +4 broad axe of electrocution!!
You are electrocuted!
Asterion barely misses you. The +0 mace of protection hits you.
Asterion hits you with a +4 broad axe of electrocution!
Asterion gores you but does no damage. The cacodemon gestures next to you.
Some rock shatters into small pieces.
As you read the scroll of fear, it crumbles to dust.
You assume a fearsome visage.
The cacodemon resists with almost no effort.
The deep elf zephyrmancer looks frightened!
Asterion easily resists.
The +0 mace of protection is unaffected.
The +0 mace of protection hits you but does no damage.
The deep elf zephyrmancer gestures wildly while chanting.
The deep elf zephyrmancer blinks!
Asterion barely misses you. Asterion gores you but does no damage.
You block the +0 mace of protection's attack.
As you read the scroll of teleportation, it crumbles to dust.
You feel strangely unstable. Asterion completely misses you.
Asterion gores you.
The +0 mace of protection hits you but does no damage.
The deep elf zephyrmancer gestures wildly while chanting.
The deep elf zephyrmancer blinks!
Asterion completely misses you. Asterion gores you.
You block the +0 mace of protection's attack.
The cacodemon hits you. You block the cacodemon's attack.
Asterion attacks as you move away!
Asterion hits you with a +4 broad axe of electrocution!!
* * * LOW HITPOINT WARNING * * *
You are electrocuted!!
* * * LOW HITPOINT WARNING * * *
You block Asterion's attack.
The deep elf zephyrmancer mumbles some strange words.
The deep elf zephyrmancer blinks!
The cacodemon gestures next to you.
Some rock shatters into small pieces.
Asterion attacks as you move away!
Asterion hits you with a +4 broad axe of electrocution!!
You die...

.######..#####..#
......###..#..### ......#
###.### ......# #.# ###
......# ###.####.#
......# #.....##.#
......# #.#...##.#
>.....# #.#.#.##.###
#########..###..@..# #
#.......#.###.H(.#
###.#####....###2''#
.......##....##).........
..#.##.......##..........
#.#.#####.##.##.###.#.###
#.#.#####)##.### #.##
..........##># ..
#..######....# ../


You could see Asterion (fast), a cacodemon (summoned) and a +0 mace of
protection.

Vanquished Creatures
  Vashnia (Snake:2)
  Nikola (Shoals:4)
  Rupert (D:14)
  2 quicksilver dragons (Snake:4)
  Polyphemus (Shoals:4)
  Kirke (Shoals:1)
  2 nagarajas
  Agnes (Elf:1)
  Roxanne (Elf:1)
  A storm dragon (Shoals:4)
  The ghost of Puq Cuid the Slicer, an adept KoAK of Lugonu (Elf:2)
  A very ugly thing (D:15)
  Nessos (Lair:5)
  A deep elf annihilator (Elf:2)
  13 merfolk impalers
  5 merfolk javelineers (Shoals:4)
  A deep elf high priest (Elf:2)
  5 salamander tyrants
  A rakshasa (D:15)
  An ice dragon (D:14)
  9 anacondas
  6 hydras
  4 boulder beetles
  3 catoblepae
  4 centaur warriors
  3 merfolk avatars
  An alligator snapping turtle (Shoals:3)
  5 two-headed ogres
  9 naga warriors
  A death knight (D:14)
  6 merfolk aquamancers
  Erica (Lair:2)
  2 tengu warriors (D:15)
  A satyr (Shoals:3)
  18 dancing weapons
  A deep troll shaman (Lair:5)
  12 naga sharpshooters
  6 death yaks
  5 orc high priests (Orc:2)
  5 shock serpents
  Urug (Lair:2)
  12 deep elf knights
  6 salamander mystics
  5 skeletal warriors (D:14)
  A swamp dragon (shapeshifter) (D:14)
  2 sea snakes (Shoals:3)
  11 deep elf archers
  6 naga ritualists
  A lindwurm (Lair:5)
  A wizard (D:15)
  A glowing orange brain (D:15)
  A wolf spider zombie (D:14)
  9 orc knights
  16 harpies
  25 deep elf zephyrmancers
  23 deep elf pyromancers
  2 orc sorcerers
  11 mana vipers
  22 ugly things
  20 salamanders
  3 oklob plants
  7 cyclopes
  7 fauns
  25 elephants
  18 manticores
  10 guardian serpents
  4 merfolk sirens
  9 centaur zombies (D:14)
  An eye of devastation (Lair:5)
  39 black mambas
  6 naga magi
  11 water nymphs
  Maggie (D:7)
  6 cane toads
  A torpor snail (shapeshifter) (D:15)
  13 komodo dragons
  A kobold demonologist (D:14)
  A harpy zombie (D:14)
  3 meliai (D:14)
  35 merfolk
  7 trolls
  6 wind drakes
  2 polar bears
  4 dream sheep (Shoals:4)
  9 slime creatures
  3 meliai zombies (D:14)
  9 snapping turtles
  8 blink frogs
  2 air elementals (Shoals:4)
  27 yaks
  33 water elementals
  4 wraiths
  2 vampires
  A wyvern (shapeshifter) (D:14)
  6 wyverns
  15 humans
  3 hogs (Shoals:1)
  3 basilisks
  A hog (shapeshifter) (Elf:1)
  4 fire elementals
  14 vampire mosquitoes
  3 steam dragons
  Edmund (D:4)
  17 water moccasins
  5 acid dragons
  23 nagas
  Duvessa (D:7)
  A floating eye (Lair:5)
  A meliai simulacrum (D:14)
  35 orc warriors
  3 black bears
  2 ice beasts
  26 wolves
  7 centaurs
  5 ogres
  3 kobold brigands
  7 bullfrogs
  2 necrophages
  2 gnoll sergeants (D:9)
  3 earth elementals
  5 wights (D:9)
  Dowan (D:7)
  7 killer bees (D:10)
  A vampire bat (Orc:1)
  3 howler monkeys
  2 electric eels
  2 hounds (D:5)
  A jelly (D:8)
  A gnoll bouda (D:9)
  27 orc priests
  A human zombie (Ossuary)
  Natasha (thrice) (D:2)
  An iguana (D:5)
  13 orc wizards
  A boggart zombie (D:14)
  9 hell rats
  3 mummies (Ossuary)
  Robin (D:4)
  11 gnolls
  11 adders
  3 white imps
  2 ufetubi
  5 dart slugs
  91 orcs
  18 ball pythons
  8 bats
  14 endoplasms
  13 giant cockroaches
  A gnoll zombie (Ossuary)
  11 hobgoblins
  9 jackals
  18 kobolds
  11 quokkas
  12 frilled lizards
  14 goblins
  2 goblin zombies (Ossuary)
  3 hobgoblin zombies (Ossuary)
  2 kobold zombies (Ossuary)
  5 rats
  26 bushes
1203 creatures vanquished.

Vanquished Creatures (collateral kills)
  Mlioglotl (Snake:4)
  A centaur warrior (D:14)
  2 skeletal warriors (D:14)
  A deep elf pyromancer (Elf:1)
  A freezing wraith (D:14)
  A human (D:14)
  8 foxfires
15 creatures vanquished.

Vanquished Creatures (others)
  An unseen horror (D:12)
  1374 foxfires
  13 fungi
  125 plants
1513 creatures vanquished.

Grand Total: 2731 creatures vanquished

Notes
Turn   | Place    | Note
-------+----------+-------------------------------------------
     0 | D:1      | Gelion the Deep Elf Fire Elementalist began the quest for
                  | the Orb.
     0 | D:1      | Reached XP level 1. HP: 10/10 MP: 6/6
   217 | D:1      | Reached XP level 2. HP: 15/15 MP: 1/8
   750 | D:1      | Reached XP level 3. HP: 20/20 MP: 3/9
   852 | D:1      | Found a faded altar of an unknown god.
  1442 | D:2      | Reached XP level 4. HP: 19/24 MP: 6/11
  1532 | D:2      | Noticed Natasha
  1536 | D:2      | Killed Natasha
  1554 | D:2      | Noticed Natasha
  1558 | D:2      | Killed Natasha
  1559 | D:2      | Reached skill level 1 in Fighting
  1737 | D:2      | Noticed Natasha
  1740 | D:2      | Killed Natasha
  1741 | D:2      | Reached XP level 5. HP: 29/29 MP: 8/13
  1784 | D:2      | Learned a level 2 spell: Scorch
  1789 | D:2      | Learned a level 4 spell: Flame Wave
  2681 | D:3      | Found Muely's Weapon Shoppe.
  2851 | D:4      | Noticed Robin
  3174 | D:4      | Killed Robin
  3255 | D:4      | Noticed a black bear
  3261 | D:4      | Killed a black bear
  3262 | D:4      | Reached skill level 5 in Fire Magic
  3262 | D:4      | Reached XP level 6. HP: 34/34 MP: 7/14
  3265 | D:4      | Noticed Edmund
  3353 | D:4      | Killed Edmund
  4015 | D:4      | Reached XP level 7. HP: 39/39 MP: 10/16
  4449 | D:5      | Entered Level 5 of the Dungeon
  4500 | D:5      | Reached skill level 5 in Spellcasting
  4507 | D:5      | Found a glowing drain.
  4590 | Sewer    | Entered a sewer
  5064 | Sewer    | Found the amulet of Vitality {RegenMP++ Regen++}
  5188 | D:5      | Reached skill level 5 in Conjurations
  5204 | D:5      | Found a burning altar of Makhleb.
  5257 | D:5      | Found a glowing silver altar of Zin.
  5257 | D:5      | Noticed an angel
  5258 | D:5      | Noticed an Executioner
  5334 | D:5      | Found a hide-covered altar of Uskayaw.
  5334 | D:5      | Found a bloodstained altar of Trog.
  5648 | D:5      | Found a staircase to the Ecumenical Temple.
  5670 | D:5      | Reached XP level 8. HP: 45/45 MP: 18/18
  5675 | Temple   | Entered the Ecumenical Temple
  5696 | Temple   | Became a worshipper of Vehumet
  5898 | D:5      | Identified the +1 pair of gloves "Zeust" {Str+4}
  6148 | D:5      | Identified the +4 hand axe "Gonlasmo" {vorpal, Dex+2}
  6447 | D:6      | Reached skill level 5 in Dodging
  6665 | D:6      | Found a sand-covered staircase.
  6673 | Ossuary  | Entered an ossuary
  7771 | D:7      | Noticed a troll
  7784 | D:7      | Killed a troll
  7785 | D:7      | Reached XP level 9. HP: 10/51 MP: 13/21
  7841 | D:7      | Noticed Maggie
  7852 | D:7      | Killed Maggie
  7920 | D:7      | Reached * piety under Vehumet
  7920 | D:7      | Offered knowledge of Shock by Vehumet.
  8257 | D:7      | Noticed Duvessa
  8257 | D:7      | Noticed Dowan
  8261 | D:7      | Killed Duvessa
  8261 | D:7      | Killed Dowan
  8452 | D:7      | Found Lipaisik's General Store.
  8459 | D:7      | Bought a +2 pair of boots for 165 gold pieces
  8859 | D:8      | Found a white marble altar of Elyvilon.
  9252 | D:9      | Found a snail-covered altar of Cheibriados.
  9256 | D:9      | Reached ** piety under Vehumet
  9256 | D:9      | Offered knowledge of Freeze by Vehumet.
  9353 | D:9      | Noticed a two-headed ogre
  9357 | D:9      | Killed a two-headed ogre
  9358 | D:9      | Reached XP level 10. HP: 32/58 MP: 18/23
  9825 | D:9      | Offered knowledge of Poisonous Vapours by Vehumet.
 10132 | D:10     | Entered Level 10 of the Dungeon
 10181 | D:10     | Reached *** piety under Vehumet
 10285 | D:10     | Reached skill level 10 in Fire Magic
 10293 | D:10     | Offered knowledge of Hailstorm by Vehumet.
 10302 | D:10     | Learned a level 4 spell: Hailstorm
 10386 | D:10     | Reached skill level 5 in Fighting
 10716 | D:10     | Found a staircase to the Orcish Mines.
 10774 | D:11     | Noticed a two-headed ogre
 10777 | D:11     | Killed a two-headed ogre
 10778 | D:11     | Reached skill level 10 in Conjurations
 10778 | D:11     | Reached XP level 11. HP: 44/63 MP: 20/26
 10916 | D:11     | Identified the +3 falchion of the Lonely Friends {protect,
                  | rC+ Int+7}
 10960 | D:11     | Noticed a boulder beetle
 10982 | D:11     | Killed a boulder beetle
 10982 | D:11     | Reached **** piety under Vehumet
 11053 | D:11     | Noticed an oklob plant
 11055 | D:11     | Found a staircase to the Lair.
 11062 | D:11     | Noticed a boulder beetle
 11066 | D:11     | Killed an oklob plant
 11195 | D:10     | Learned a level 5 spell: Fireball
 11202 | D:10     | Learned a level 6 spell: Starburst
 11211 | D:11     | Killed a boulder beetle
 11266 | D:11     | Found a bloodstained altar of Trog.
 11472 | D:11     | Noticed a boulder beetle
 11476 | D:11     | Killed a boulder beetle
 11592 | Lair:1   | Entered Level 1 of the Lair of Beasts
 11624 | Lair:1   | Offered knowledge of Yara's Violent Unravelling by Vehumet.
 11636 | Lair:1   | Reached skill level 10 in Spellcasting
 11985 | Lair:1   | Learned a level 5 spell: Iskenderun's Battlesphere
 11995 | Lair:1   | Noticed an oklob plant
 12006 | Lair:1   | Killed an oklob plant
 12158 | Lair:1   | Identified a scroll of acquirement
 12158 | Lair:1   | Acquired 648 gold pieces
 12286 | Lair:2   | Reached XP level 12. HP: 49/70 MP: 25/28
 12369 | Lair:2   | Noticed Urug
 12375 | Lair:2   | Killed Urug
 12387 | Lair:2   | Noticed Erica
 12391 | Lair:2   | Killed Erica
 12462 | Lair:2   | Found a staircase to the Snake Pit.
 12507 | Lair:2   | Reached ***** piety under Vehumet
 12542 | Lair:2   | Found a runed translucent gate.
 12542 | Lair:2   | Found a runed translucent gate.
 12544 | Lair:2   | Found a runed translucent gate.
 12546 | Lair:2   | Noticed Qaatiyw's ghost (journeyman DjSu)
 12566 | Lair:2   | Found a viscous altar of Jiyva.
 13002 | Lair:3   | Noticed a catoblepas
 13003 | Lair:3   | Offered knowledge of Eringya's Noxious Bog by Vehumet.
 13011 | Lair:3   | Reached skill level 10 in Dodging
 13011 | Lair:3   | Killed a catoblepas
 13090 | Lair:3   | Noticed a six-headed hydra
 13094 | Lair:3   | Killed a six-headed hydra
 13177 | Lair:3   | Found a staircase to the Shoals.
 13680 | Lair:4   | Reached XP level 13. HP: 75/76 MP: 28/30
 13966 | Lair:4   | Found a blossoming altar of Fedhas.
 14486 | Lair:4   | Learned a level 7 spell: Orb of Destruction
 14524 | Lair:5   | Entered Level 5 of the Lair of Beasts
 14598 | Lair:5   | Noticed Nessos
 14626 | Lair:5   | Killed Nessos
 14750 | Lair:5   | Found a staircase to the Slime Pits.
 14765 | Lair:5   | Offered knowledge of Spellforged Servitor by Vehumet.
 15502 | Lair:5   | Learned a level 7 spell: Spellforged Servitor
 15542 | Lair:5   | Reached XP level 14. HP: 43/83 MP: 13/32
 15591 | Lair:5   | Identified the +10 rapier of Amienua {flame, rCorr}
 15604 | Lair:5   | Identified the +6 short sword "Jadwawug" {protect, +Blink
                  | Int+6}
 15861 | Orc:1    | Entered Level 1 of the Orcish Mines
 15989 | Orc:2    | Entered Level 2 of the Orcish Mines
 16124 | Orc:2    | Found a staircase to the Elven Halls.
 16312 | Orc:2    | Found Vanwagis's Magic Scroll Boutique.
 16348 | Orc:2    | Bought a scroll of acquirement for 728 gold pieces
 16348 | Orc:2    | Acquired 430 gold pieces
 16389 | Orc:2    | Reached skill level 15 in Fire Magic
 16399 | Orc:2    | Reached skill level 1 in Summonings
 16623 | Orc:2    | Offered knowledge of Freezing Cloud by Vehumet.
 16654 | Orc:2    | Reached skill level 15 in Conjurations
 16716 | Orc:2    | Found Yseschal's Jewellery Emporium.
 16717 | Orc:2    | Found Joaca's Weapon Shoppe.
 16717 | Orc:2    | Found Torib's Assorted Antiques.
 16718 | Orc:2    | Found Defuyff's Assorted Antiques.
 16727 | Orc:2    | Bought a glittering golden ring for 100 gold pieces
 16727 | Orc:2    | Identified the ring "Ylioprid" {Wiz Str+5 Dex-4} (You
                  | bought it in a shop on level 2 of the Orcish Mines)
 16727 | Orc:2    | Bought a scroll labelled FYODGH BURPH for 20 gold pieces
 16779 | Orc:1    | You fall into a shaft and drop 1 floor!
 16982 | Orc:1    | Paralysed by an orc sorcerer for 2 turns
 17329 | D:12     | Noticed Wiggles's ghost (journeyman MiBe)
 17331 | D:12     | Noticed a storm dragon
 17338 | D:12     | Found a runed translucent gate.
 17338 | D:12     | Found a runed translucent gate.
 17340 | D:12     | Found a runed translucent gate.
 17557 | D:12     | Identified the +3 great mace "Unuriesch" {vorpal, rC+
                  | rCorr}
 17748 | D:12     | Identified the +5 falchion of Binwygar {protect, rC+}
 18569 | D:14     | Noticed Rupert
 18569 | D:14     | Found a gate to the Vaults.
 18679 | Snake:1  | Entered Level 1 of the Snake Pit
 18691 | Snake:1  | Reached XP level 15. HP: 81/89 MP: 27/34
 18699 | Snake:1  | Learned a level 7 spell: Orb of Destruction
 18773 | Snake:2  | Reached ****** piety under Vehumet
 18806 | Snake:2  | Offered knowledge of Lightning Bolt by Vehumet.
 19238 | Snake:2  | Found Bubiula's Weapon Shop.
 19240 | Snake:2  | Found Oloppo's Jewellery Boutique.
 19243 | Snake:2  | Found Meantih's Book Shop.
 19248 | Snake:2  | Bought the ring of the Mage {Wiz Archmagi} for 1071 gold
                  | pieces
 19248 | Snake:2  | Found the ring of the Mage {Wiz Archmagi}
 19262 | Snake:2  | Found a sacrificial altar of Ru.
 19290 | Snake:2  | Noticed Vashnia
 19320 | Snake:2  | Killed Vashnia
 19343 | Snake:2  | Reached skill level 5 in Summonings
 19774 | Snake:1  | Reached skill level 1 in Shields
 20615 | Snake:3  | Noticed a nagaraja
 20619 | Snake:3  | Killed a nagaraja
 20965 | Snake:3  | Reached XP level 16. HP: 96/96 MP: 22/36
 21109 | Snake:3  | Found Kearr's Jewellery Shoppe.
 21110 | Snake:3  | Found Taback's Book Shop.
 21111 | Snake:3  | Found Eligyss's Jewellery Shoppe.
 21490 | D:14     | Killed Rupert
 21648 | D:14     | Offered knowledge of Lee's Rapid Deconstruction by Vehumet.
 22122 | D:14     | Found a basalt altar of Yredelemnul.
 22188 | D:14     | Reached skill level 15 in Spellcasting
 22422 | D:15     | Entered Level 15 of the Dungeon
 23048 | D:15     | Found a staircase to the Depths.
 23212 | Depths:1 | Entered Level 1 of the Depths
 23419 | Snake:4  | Entered Level 4 of the Snake Pit
 23501 | Snake:4  | Offered knowledge of Ozocubu's Refrigeration by Vehumet.
 23536 | Snake:4  | Found a broken altar of Ashenzari.
 23689 | Snake:4  | Noticed a quicksilver dragon
 23691 | Snake:4  | Killed a quicksilver dragon
 23692 | Snake:4  | Reached XP level 17. HP: 65/101 MP: 33/38
 23705 | Snake:4  | Reached skill level 10 in Fighting
 23720 | Snake:4  | Noticed a quicksilver dragon
 23938 | Snake:4  | Killed a quicksilver dragon
 24093 | Snake:4  | Got a serpentine rune of Zot
 24139 | Snake:4  | Noticed Mlioglotl
 24145 | Snake:4  | Killed Mlioglotl
 24753 | Shoals:1 | Entered Level 1 of the Shoals
 24818 | Shoals:1 | Noticed Kirke
 24822 | Shoals:1 | Killed Kirke
 24846 | Shoals:1 | Found Zousonto's Weapon Emporium.
 25391 | Shoals:2 | Offered knowledge of Iron Shot by Vehumet.
 25533 | Snake:2  | Bought the Exposition on Grit for 312 gold pieces
 25533 | Snake:2  | Bought the Precepts of the Commander and the Blizzard for
                  | 468 gold pieces
 25571 | Snake:3  | Bought a book of the Sky for 572 gold pieces
 25571 | Snake:3  | Bought a book of the Moon for 520 gold pieces
 26035 | Shoals:2 | Found Zogereih's Weapon Shoppe.
 26436 | Shoals:3 | Reached skill level 1 in Earth Magic
 26644 | Shoals:3 | Reached skill level 5 in Shields
 26885 | Shoals:4 | Entered Level 4 of the Shoals
 27098 | Shoals:4 | Reached XP level 18. HP: 99/108 MP: 37/40
 27174 | Shoals:4 | Identified the +1 robe of Rotation {rF+ Will+ Dex+3}
 27214 | Shoals:4 | Noticed Polyphemus
 27219 | Shoals:4 | Killed Polyphemus
 27383 | Shoals:4 | Noticed Nikola
 27389 | Shoals:4 | Killed Nikola
 27534 | Shoals:4 | Got a barnacled rune of Zot
 27631 | Shoals:4 | Offered knowledge of Polar Vortex by Vehumet.
 28181 | D:15     | Learned a level 9 spell: Fire Storm
 28340 | Elf:1    | Entered Level 1 of the Elven Halls
 28569 | Elf:1    | Found Imoxiz's General Store.
 28669 | Elf:1    | Bought a potion of curing for 30 gold pieces
 28669 | Elf:1    | Bought a scroll of magic mapping for 75 gold pieces
 28669 | Elf:1    | Bought a potion of brilliance for 40 gold pieces
 28845 | Elf:1    | Identified Roxanne's Guidebook on Shapes
 28845 | Elf:1    | Noticed Roxanne
 28853 | Elf:1    | Killed Roxanne
 28986 | Elf:1    | Noticed Agnes
 28992 | Elf:1    | Killed Agnes
 29049 | Elf:1    | You fall into a shaft and drop 1 floor!
 29388 | Elf:2    | Found a runed translucent gate.
 29388 | Elf:2    | Found a runed translucent gate.
 29389 | Elf:2    | Found a runed translucent gate.
 29493 | Elf:2    | Reached skill level 5 in Earth Magic
 29560 | Elf:2    | Reached XP level 19. HP: 114/114 MP: 42/42
 29625 | Elf:2    | Found Iqavvar's Antique Armour Emporium.
 29745 | Elf:2    | Found a runed translucent door.
 29746 | Elf:2    | Noticed Puq Cuid's ghost (adept KoAK)
 29813 | Elf:2    | Killed Puq Cuid's ghost
 30070 | Elf:1    | Noticed Asterion
 30079 | Elf:1    | HP: 3/115 [Asterion/+4 broad axe of electrocution (19)]
 30080 | Elf:1    | Demolished by Asterion

Illustrated notes

Levels and vault maps discovered:
D:1:      wheals_arrival_shading, layout_basic, shapermc_ecumenical_altar_petra,
          nicolae_grassy_gnolls
D:2:      layout_rooms, chequers_serial_rivers_room_a, uniq_natasha
D:3:      layout_rooms, serial_shops, shop
D:4:      layout_cave_pods, chequers_mini_garden, uniq_edmund, uniq_robin
D:5:      minmay_spotlight, layout_basic,
          grunt_temple_overflow_order_and_chaos_2,
          chequers_temple_overflow_statue_of_worship, minmay_temple_entry_grid,
          gup_sewer_entry_pipe, serial_corexii_hall,
          chequers_hall_statues_corner_a, chequers_hall_statues_y,
          chequers_hall_statues_y, corexii_hall_statues_l
D:6:      layout_basic, chequers_ossuary_entry_cave, serial_bayou_ford_a
D:7:      dreamdust_elfheim, layout_loops_corners, serial_shops,
          nicolae_square_shop, uniq_maggie, uniq_duvessa
D:8:      layout_basic, mainiacjoe_overflow_cross_hatched
D:9:      layout_roguey, lemuel_crystal_altar, grunt_ministairs_9
D:10:     layout_long_grid, hiddenorc1_lemuel, st_stairs_3
D:11:     layout_roguey, dpeg_oklobed_lair, bloody_trog
D:12:     layout_roguey, gammafunk_ghost_split, minmay_mirror_moons_of_madness
D:13:     layout_long_grid
D:14:     layout_long_grid, david_vaults_3, minmay_hedge_maze,
          portal_ice_cave_entry_dragon, nicolae_yredelemnul_corpse_copse
D:15:     gammafunk_enter_depths_forms, layout_stronghold, serial_glass,
          glass_columns_a, glass_columns_b, ebering_dispersal_statue_hall,
          hangedman_decor_riveting, minmay_splitting_lines
Temple:   nicolae_temple_superstar
Lair:1:   layout_chaotic_city, minmay_lair_oklob_bushes, grunt_megastairs_1,
          infiniplex_staircase_pool_2
Lair:2:   layout_misc_corridors, minmay_snake_entry_spellcaster,
          gammafunk_ghost_ooze, uniq_urug, uniq_erica
Lair:3:   layout_loops_ring, elwin_shoals_entry_rooms, st_stairs_6
Lair:4:   layout_gridlike, tgw_fedhas
Lair:5:   grunt_lair_end_beastmaster, layout_regular_city,
          minmay_slime_entry_eyes, uniq_nessos
Shoals:1: layout_shoals, serial_shops, shop, nicolae_shoals_land_atoll,
          nzn_prometheus_bound, uniq_kirke
Shoals:2: layout_shoals, serial_shops, nicolae_shop_hallway_stairs
Shoals:3: layout_shoals, nicolae_shoals_nautilus_by_nature
Shoals:4: shoals_end_hellmonk_storm_palace [storm_palace_center_circular,
          storm_palace_corner_grid, storm_palace_corner_grid,
          storm_palace_corner_pillars, storm_palace_corner_grid],
          uniq_polyphemus, uniq_nikola
Snake:1:  layout_basic, grunt_ministairs_3
Snake:2:  layout_concentric_octagons, basic_altar, minmay_shop_star,
          uniq_vashnia
Snake:3:  layout_cave_town, minmay_shop_grove
Snake:4:  hellmonk_snake_rune_quicksilver_temple, layout_cave_town, basic_altar,
          uniq_mlioglotl
Orc:1:    layout_caves, roderic_batcave
Orc:2:    st_orc_pillars, layout_diamond_mine, basic_altar, serial_shops, shop
Elf:1:    nicolae_elf_arrival_fired_up, layout_loops_cross, serial_shops,
          nicolae_shop_stone, hangedman_corner_corridor, uniq_agnes,
          uniq_asterion, uniq_roxanne
Elf:2:    elven_hall_of_blades_hangedman_original [nooodl_blade_entry_preview],
          layout_rooms, serial_shops, shop_statue, ebering_ghost_reflecting_pool
Depths:1: layout_gridville, ebering_ghost_xom, hell_entry, serial_shops,
          bzr_entry_lakeside, shop, kennysheep_mini_moat,
          nicolae_uskayaw_en_pointe, cheibriados_altar_1, serial_bayou_shore_b,
          grunt_megastairs_3

Skill      XL: |  1  2  3  4  5  6  7  8  9 10 11 12 13 14 15 16 17 18 |
---------------+-------------------------------------------------------+-----
Conjurations   | 2 3 4 5 6 8 10 11 13 14 15 16 17 18 19 | 19.8
Fire Magic     | 4 5 6 7 9 10 12 13 14 15 17 18 19 | 19.9
Dodging        | 3 4 5 7 8 9 10 11 12 13 14 | 14.0
Fighting       | 1 2 3 4 5 6 7 8 9 10 11 | 11.2
Spellcasting   | 4 5 6 7 9 10 11 12 13 14 15 16 17 | 17.1
Summonings     | 3 5 7 8 9 |  9.9
Shields        | 1 3 5 6 |  6.4
Earth Magic    | 2 5 |  5.3
Stealth        | |  2.4

Action                   |  1- 3 |  4- 6 |  7- 9 | 10-12 | 13-15 | 16-18 | 19-21 || total
-------------------------+-------+-------+-------+-------+-------+-------+-------++-------
Melee: Staff             |       |       |       |       |     6 |    17 |       ||    23
 Cast: Foxfire           |    78 |   105 |   300 |   126 |   187 |    37 |       ||   833
       Scorch            |       |    19 |    26 |    58 |    30 |    17 |       ||   150
       Flame Wave        |       |     1 |     8 |    50 |    44 |    10 |       ||   113
       Fireball          |       |       |       |    27 |   183 |   338 |    21 ||   569
       Starburst         |       |       |       |     1 |    69 |    42 |       ||   112
       Hailstorm         |       |       |       |     1 |     1 |       |       ||     2
       Iskenderun's Batt |       |       |       |       |     4 |     2 |       ||     6
       Orb of Destructio |       |       |       |       |    45 |   144 |    15 ||   204
       Spellforged Servi |       |       |       |       |       |     3 |       ||     3
  Use: Scroll            |       |     1 |     8 |    19 |    11 |    13 |     2 ||    54
       Potion            |       |       |       |       |       |     5 |       ||     5
Armor: Robe              |     2 |    11 |    11 |       |       |    13 |     6 ||    43
       Steam dragon scal |       |       |       |    41 |    64 |    36 |       ||   141
Dodge: Dodged            |     8 |    55 |    36 |    96 |   169 |   103 |     9 ||   476
Block: Kite shield       |       |       |       |       |       |    63 |     9 ||    72
